 Dungeon Crawl Stone Soup version 0.31.0-11-ge490571c62 (webtiles) character file.

Game seed: 3537757407234923791

22 qw the Shooter (level 2, 0/14 HPs)
             Began as a Spriggan Hunter on Feb 3, 2024.
             Slain by an adder (3 damage)
             ... on level 2 of the Dungeon.
             The game lasted 00:00:02 (1026 turns).

qw the Shooter (Spriggan Hunter)                    Turns: 1026, Time: 00:00:03

Health: 0/14       AC:  3    Str:  7    XL:     2   Next: 68%
Magic:  3/3        EV: 19    Int: 10    God:
Gold:   44         SH:  0    Dex: 18    Spells: 1/1 levels left

rFire   . . .        a - +0 shortbow
rCold   . . .        (shield currently unavailable)
rNeg    . . .        c - +0 robe
rPois   .            (helmet restricted)
rElec   .            e - +0 cloak
rCorr   .            (gloves unavailable)
SInv    +            (boots unavailable)
Will    .....        (no amulet)
Stlth   ++           (no ring)
HPRegen 0.22/turn    (no ring)
MPRegen 0.08/turn

%: no passive effects
@: lethally poisoned (0 -> -3), very quick
A: very small, no large weapons, unfitting armour, see invisible, speed 3
a: no special abilities


You were on level 2 of the Dungeon.
You visited 1 branch of the dungeon, and saw 2 of its levels.

You collected 44 gold pieces.


Innate Abilities, Weirdness & Mutations

You are very small and have problems with some larger weapons.
You are too small for most types of armour.
You have supernaturally acute eyesight. (SInv)
You cover ground extremely quickly. (Speed+++)


   Skills:
 - Level 1.5 Fighting
 + Level 4.2 Ranged Weapons
 - Level 4.0 Dodging
 - Level 1.5 Stealth


You had one spell level left.
You didn't know any spells.
Your spell library was empty.

Inventory:

Hand Weapons
 a - a +0 shortbow (weapon)
Armour
 c - a +0 robe (worn)
 e - a +0 cloak (worn)

Dungeon Overview and Level Annotations

Branches:
Dungeon (2/15)

Altars:


Message History

The adder closely misses you.
Enter note:
1015 ||| RETREEEEATING.
1016 ||| FLEEEEING.
Enter note:
1017 ||| RETREEEEATING.
A quokka comes into view.
Enter note:
1018 ||| RETREEEEATING.
You shoot an arrow. The arrow hits the adder.
The adder is lightly wounded.
You shoot an arrow. The arrow misses the adder.
The arrow barely misses the hobgoblin.
The adder bites you.
You are poisoned.
The adder poisons you!
You shoot an arrow. The arrow closely misses the adder.
The arrow hits the hobgoblin.
You kill the hobgoblin!
You feel sick. The adder misses you. x2
You shoot an arrow.
The arrow hits the adder but does no damage.
The adder is lightly wounded.
You feel sick. The adder bites you.
You are lethally poisoned!
The adder poisons you! The adder misses you.
You shoot an arrow. The arrow closely misses the adder.
The arrow completely misses the gnoll.
You feel sick. The adder closely misses you.
You shoot an arrow. The arrow closely misses the adder.
The arrow hits the gnoll.
The gnoll is heavily wounded.
You feel sick. The adder bites you but does no damage. The adder misses you.
You shoot an arrow. The arrow hits the adder.
The adder is heavily wounded.
You feel sick. The adder closely misses you.
You shoot an arrow. The arrow misses the adder.
The arrow hits the gnoll!
You kill the gnoll!
You feel sick. The adder barely misses you. The adder bites you.
You die...

.# .%# #### .... #..
.....
##############.##......
#......#.....#.|.%.....
#......#.###...##....#.
#......#.###g..# .#g##
#......#..@Sr..# #..$
#.........##>.## ![#
#.......#.#..)... .#
#.(.....#.#..###... .
#.......#.#... ..
#.......#.##.. .
#.......#....r.
###.....### .#. #.....#


You could see an adder, a quokka and a hobgoblin.

Vanquished Creatures
  A gnoll (D:2)
  2 ball pythons (D:1)
  3 bats
  3 endoplasms
  A giant cockroach (D:1)
  3 goblins (D:1)
  3 hobgoblins
  A quokka (D:2)
  A kobold (D:2)
18 creatures vanquished.

Notes
Turn   | Place    | Note
-------+----------+-------------------------------------------
     0 | D:1      | qw the Spriggan Hunter began the quest for the Orb.
     0 | D:1      | Reached XP level 1. HP: 10/10 MP: 2/2
     0 | D:1      | 0 ||| qw: Version: 0.3-a-155-g5e7d8dd
     0 | D:1      | 0 ||| qw: Game counter: 3092
     0 | D:1      | 0 ||| qw: Melee chars always use a shield: true
     0 | D:1      | 0 ||| qw: God list: Okawaru
     0 | D:1      | 0 ||| qw: Allow faded altars: false
     0 | D:1      | 0 ||| qw: Do Orc after clearing Dungeon:15 true
     0 | D:1      | 0 ||| qw: Do second Lair branch before Depths: true
     0 | D:1      | 0 ||| qw: Lair rune preference: random
     0 | D:1      | 0 ||| qw: Goals: Normal
     0 | D:1      | 0 ||| PLANNING D:1-11
    80 | D:1      | Reached skill level 3 in Dodging
   128 | D:1      | Found a faded altar of an unknown god.
   209 | D:1      | Reached XP level 2. HP: 8/14 MP: 3/3
   748 | D:1      | 748 ||| UPGRADING to +0 cloak.
   753 | D:1      | 753 ||| DROPPING ring of wizardry.
   754 | D:1      | 754 ||| READING scroll labelled JAOMAPUOQU.
   855 | D:1      | 855 ||| READING scroll labelled WIXZUQUPS ATIY.
   856 | D:1      | 856 ||| READING scroll labelled NASKEA BINAVON.
   856 | D:1      | 856 ||| IDENTIFYING coppery potion
   857 | D:1      | 857 ||| READING scroll labelled BOCRUD POISE.
   862 | D:1      | 862 ||| DROPPING scroll of butterflies.
   863 | D:1      | 863 ||| DROPPING potion of attraction.
  1014 | D:2      | 1014 ||| RETREEEEATING.
  1015 | D:2      | 1015 ||| RETREEEEATING.
  1016 | D:2      | 1016 ||| FLEEEEING.
  1017 | D:2      | 1017 ||| RETREEEEATING.
  1018 | D:2      | 1018 ||| RETREEEEATING.
  1026 | D:2      | HP: 3/14 [poisoned by an adder]
  1026 | D:2      | Slain by an adder

Levels and vault maps discovered:
D:1:      lightli_arrival_quake, layout_basic, basic_ecumenical_altar,
          chequers_hall_statues_corner_a
D:2:      cheibrodos_pilgrimage, layout_basic, minmay_tromino_v4_a

Skill      XL: |  1  2 |
---------------+-------+-----
Dodging        | 3 4 |  4.0
Fighting       | |  1.5
Ranged Weapons | |  4.2
Stealth        | |  1.5

Action                     || total
---------------------------++-------
   Fire: Shortbow          ||    56
    Use: Scroll            ||     4
 Armour: Robe              ||     7
  Dodge: Dodged            ||    26

Table legend:
 A = Non-vault XP
 B = Vault XP
 C = Vault XP percentage of total XP
 D = Non-vault monster count
 E = Vault monster count
 F = Vault count percentage of total count
                 A         B        C        D         E       F
            +---------+---------+-------+---------+---------+-------
      Total |      28 |      18 |  39.1 |      15 |       3 |  16.7
            +---------+---------+-------+---------+---------+-------
        D:1 |      19 |       0 |   0.0 |      10 |       0 |   0.0
        D:2 |       9 |      18 |  66.7 |       5 |       3 |  37.5
            +---------+---------+-------+---------+---------+-------
